 Dungeon Sprint DCSS version 0.21-a0-47-g7c8f537 (webtiles) character file.

20621 Kidiri the Eclecticist (level 12, -1/83 HPs)
             Began as a Deep Elf Fire Elementalist on June 8, 2017.
             Was the Champion of Vehumet.
             Slain by an anaconda (2 damage)
             ... in the Dungeon (Sprint III: "The Ten Rune Challenge").
             The game lasted 00:24:46 (4225 turns).

Kidiri the Eclecticist (Deep Elf Fire Elementalist) Turns: 4225, Time: 00:24:47

Health: -1/83      AC:  7    Str:  3    XL:     12   Next: 47%
Magic:  23/37      EV: 18    Int: 28    God:    Vehumet [******]
Gold:   61         SH:  0    Dex: 15    Spells: 3/49 levels left

rFire    . . .     SeeInvis .   b - +0 dagger
rCold    . . .     Gourm    .   (no shield)
rNeg     . . .     Faith    .   a - +0 robe
rPois    .         Spirit   .   e - +1 hat
rElec    .         Reflect  .   k - +0 cloak (curse)
rCorr    .         Harm     .   (no gloves)
MR       +....     NoTele   +   (no boots)
Stlth    ++........             (no amulet)
Regen    0.3/turn               (no ring)
MPRegen  0.3/turn               (no ring)

@: very slightly contaminated, constricted
A: thin metallic scales 1, clever 1, robust 1, weak 1
a: Renounce Religion


You were in the Dungeon.
You worshipped Vehumet.
Vehumet was exalted by your worship.
You were very full.

You visited 1 branch You collected 61 gold pieces.

Inventory:

Hand Weapons
 b - a +0 dagger (weapon)
Armour
 a - a +0 robe (worn)
 e - a +1 hat (worn)
 k - a cursed +0 cloak (worn)
Scrolls
 m - a scroll of holy word
 n - 4 scrolls of remove curse
Potions
 g - 2 potions of magic
 h - a potion of berserk rage
 j - a potion of agility
 l - 2 potions of mutation
 o - a potion of ambrosia {unknown}
 p - 4 potions of flight
 q - a potion of lignification {unknown}
 r - a potion of might
 s - a potion of invisibility {unknown}
Comestibles
 c - 2 bread rations
 d - 28 royal jellies
 f - 4 chunks of flesh


   Skills:
 + Level 9.5 Fighting
 + Level 9.8 Short Blades
 + Level 9.6 Armour
 - Level 13.2 Dodging
 - Level 2.4 Stealth
 * Level 19.3 Spellcasting
 + Level 12.3 Conjurations
 + Level 12.4 Fire Magic
 + Level 1.8 Ice Magic
 + Level 6.4 Air Magic
 + Level 7.2 Earth Magic
 + Level 7.0 Poison Magic


You had 3 spell levels left.
You knew the following spells:

 Your Spells              Type           Power        Failure   Level  Hunger
a - Flame Tongue          Conj/Fire      #####        0%          1    None
b - Throw Flame           Conj/Fire      ######       0%          2    None
c - Conjure Flame         Conj/Fire      #######.     1%          3    None
d - Inner Flame           Hex/Fire       ######..     1%          3    None
e - Ignite Poison         Fire/Tmut/Pois ######..     1%          3    None
f - Sticky Flame          Conj/Fire      #######.     1%          4    None
g - Fireball              Conj/Fire      #######...   1%          5    None
h - Searing Ray           Conj           ######       0%          2    None
i - Stone Arrow           Conj/Erth      ######       1%          3    None
j - Lee's Rapid Deconstr  Erth           ######....   1%          5    None
k - Lightning Bolt        Conj/Air       ######....   1%          5    None
l - Olgreb's Toxic Radia  Pois           ######..     1%          4    None
m - Bolt of Cold          Conj/Ice       ######....   3%          6    #......


Dungeon Overview and Level Annotations

Branches:
Dungeon (1/1)

Altars:
Cheibriados
Dithmenos
Elyvilon
Fedhas
Gozag
Hepliaklqana
Kikubaaqudgha
Makhleb
Nemelex Xobeh
Okawaru
Qazlal
Ru
Sif Muna
Trog
Uskayaw
Vehumet
Wu Jian
Xom
Yredelemnul
Zin
The Shining One
Beogh
Jiyva
Lugonu

Annotations:
D exclusion: 3 doors


Innate Abilities, Weirdness & Mutations

You are partially covered in thin metallic scales. (AC +2)
Your mind is acute. (Int +2)
You are robust. (+10% HP)
You are weak. (Str -2)


Message History

The anaconda constricts you.
The anaconda bites you but does no damage.
* * * LOW HITPOINT WARNING * * *
The anaconda constricts you.
You escape the anaconda's grasp.
Unknown command.
The anaconda burns!
The anaconda grabs you. The anaconda bites you.
* * * LOW HITPOINT WARNING * * *
x2 The anaconda constricts you.
Blink to where?
Press: ? - help, Dir - move target cursor, p - anaconda You escape the anaconda's grasp.
You are very lightly contaminated with residual magic.
As you read the scroll of blinking, it crumbles to dust.
The anaconda burns!
The anaconda burns!
The anaconda burns!
The anaconda burns!
The anaconda grabs you. The anaconda bites you!
* * * LOW HITPOINT WARNING * * *
You die...

##+####'#######♣
♣♣♣♣.##).##
........)......♣♣
♣..÷##.##.#
#+#############÷♣
♣♣.##(##(##+
.JJ#≈......%%%%.♣
♣..#(##...#
..J+≈≈...########♣♣
♣♣.##.##..#
.JJ#≈≈≈...........♣
♣♣%##.#####
...#≈≈≈≈..........♣ ♣.....#
+#############'############
#..@S.......##
#............#
###########÷.#
##...........#
#...S.......##
#..########## #..†......
##........ #########


You could see an anaconda (burning).

Vanquished Creatures
  Rupert (D)
  Gastronok (D)
  2 dire elephants (D)
  Erolcha (D)
  2 anacondas (D)
  4 death yaks (D)
  Urug (D)
  A lindwurm (D)
  A deep elf mage (D)
  2 black mambas (D)
  2 elephants (D)
  2 spiny frogs (D)
  A rime drake (D)
  A komodo dragon (D)
  3 wandering mushrooms (D)
  A queen bee (D)
  2 tyrant leeches (D)
  8 blink frogs (D)
  A shadow (D)
  5 redbacks (D)
  A spatial vortex (D)
  2 water moccasins (D)
  A swamp drake (D)
  A necrophage (D)
  5 two-headed ogres (D)
  A water elemental (D)
  32 killer bees (D)
  A jelly (D)
  A wizard (D)
  Crazy Yiuf (D)
  A necromancer (D)
  A kobold demonologist (D)
  3 humans (D)
  5 adders (D)
  An ooze (D)
  3 rats (D)
102 creatures vanquished.

Vanquished Creatures (others)
  2 draconian scorchers (D)
  Nessos (D)
  2 hydras (D)
  6 hellions (D)
  2 yaktaurs (D)
  An electric eel (D)
  11 plants (D)
25 creatures vanquished.

Grand Total: 127 creatures vanquished

Notes
Turn   | Place    | Note
-------+----------+-------------------------------------------
     0 | D        | Kidiri the Deep Elf Fire Elementalist began the quest for the Orb.
     0 | D        | Reached XP level 1. HP: 10/10 MP: 6/6
    23 | D        | Killed a yaktaur
    53 | D        | Reached skill level 1 in Armour
    68 | D        | Reached skill level 4 in Spellcasting
    96 | D        | Noticed Crazy Yiuf
   120 | D        | Reached skill level 1 in Fighting
   120 | D        | Reached skill level 5 in Spellcasting
   120 | D        | Reached XP level 2. HP: 5/16 MP: 0/10
   124 | D        | Learned a level 2 spell: Throw Flame
   125 | D        | Killed a hellion
   134 | D        | Killed a white draconian scorcher
   135 | D        | Killed a hellion
   137 | D        | Killed a hellion
   192 | D        | Killed a hellion
   196 | D        | Killed a hellion
   226 | D        | Killed a white draconian scorcher
   257 | D        | Killed a hellion
   352 | D        | Killed Crazy Yiuf
   352 | D        | Reached XP level 3. HP: 12/21 MP: 6/12
   357 | D        | Learned a level 3 spell: Conjure Flame
   361 | D        | Learned a level 3 spell: Inner Flame
   377 | D        | Killed a yaktaur
   592 | D        | Gained mutation: You are weak. (Str -2) [potion of mutation]
   592 | D        | Gained mutation: You are partially covered in thin metallic scales. (AC +2) [potion of mutation]
   592 | D        | Gained mutation: You are robust. (+10% HP) [potion of mutation]
   592 | D        | Gained mutation: Your mind is acute. (Int +2) [potion of mutation]
   612 | D        | Noticed a water elemental
   615 | D        | Killed a water elemental
   615 | D        | Reached skill level 7 in Spellcasting
   615 | D        | Reached skill level 5 in Fire Magic
   615 | D        | Reached XP level 4. HP: 29/29 MP: 6/15
   629 | D        | Learned a level 4 spell: Sticky Flame
   676 | D        | Found a radiant altar of Vehumet.
   677 | D        | Found a deep blue altar of Sif Muna.
   677 | D        | Found an ancient bone altar of Kikubaaqudgha.
   677 | D        | Noticed a wizard
   679 | D        | Killed a wizard
   679 | D        | Reached skill level 5 in Dodging
   679 | D        | Reached XP level 5. HP: 34/34 MP: 12/17
   682 | D        | Noticed a hellwing
   721 | D        | Became a worshipper of Vehumet
   728 | D        | Learned a level 5 spell: Fireball
   855 | D        | Found a glowing silver altar of Zin.
   856 | D        | Found a glowing golden altar of the Shining One.
   856 | D        | Found a white marble altar of Elyvilon.
   856 | D        | Noticed a deep elf mage
   865 | D        | Killed a deep elf mage
   865 | D        | Reached skill level 11 in Spellcasting
   865 | D        | Reached XP level 6. HP: 42/42 MP: 15/22
   865 | D        | Reached XP level 7. HP: 48/48 MP: 15/23
   910 | D        | Found an ornate altar of the Wu Jian Council.
   910 | D        | Found a roughly hewn altar of Beogh.
   910 | D        | Found an iron altar of Okawaru.
   910 | D        | Found a bloodstained altar of Trog.
   910 | D        | Found a hide-covered altar of Uskayaw.
   910 | D        | Noticed a human
   912 | D        | Noticed a human
   918 | D        | Killed a human
   918 | D        | Reached skill level 1 in Short Blades
   919 | D        | Killed a human
   919 | D        | Reached * piety under Vehumet
   919 | D        | Offered knowledge of Sting by Vehumet.
   919 | D        | Reached skill level 5 in Fighting
   919 | D        | Reached skill level 5 in Armour
  1019 | D        | Found a basalt altar of Yredelemnul.
  1019 | D        | Found a shadowy altar of Dithmenos.
  1019 | D        | Found a sacrificial altar of Ru.
  1024 | D        | Reached skill level 12 in Spellcasting
  1066 | D        | Reached ** piety under Vehumet
  1068 | D        | Noticed a shadow
  1070 | D        | Killed a shadow
  1070 | D        | Offered knowledge of Searing Ray by Vehumet.
  1070 | D        | Reached XP level 8. HP: 55/55 MP: 18/26
  1074 | D        | Learned a level 2 spell: Searing Ray
  1109 | D        | Found a blossoming altar of Fedhas.
  1109 | D        | Found a stormy altar of Qazlal.
  1109 | D        | Found a snail-covered altar of Cheibriados.
  1109 | D        | Found a burning altar of Makhleb.
  1109 | D        | Found a shimmering altar of Xom.
  1110 | D        | Found a hazy altar of Hepliaklqana.
  1110 | D        | Found an opulent altar of Gozag.
  1110 | D        | Found a sparkling altar of Nemelex Xobeh.
  1110 | D        | Found a corrupted altar of Lugonu.
  1110 | D        | Found a viscous altar of Jiyva.
  1177 | D        | Offered knowledge of Stone Arrow by Vehumet.
  1177 | D        | Reached *** piety under Vehumet
  1188 | D        | Learned a level 3 spell: Stone Arrow
  1285 | D        | Noticed a two-headed ogre
  1294 | D        | Killed a two-headed ogre
  1294 | D        | Offered knowledge of Ignite Poison by Vehumet.
  1294 | D        | Reached skill level 13 in Spellcasting
  1305 | D        | Learned a level 3 spell: Ignite Poison
  1351 | D        | Killed Nessos
  1356 | D        | Noticed a two-headed ogre
  1356 | D        | Noticed Erolcha
  1370 | D        | Killed Erolcha
  1370 | D        | Reached skill level 5 in Short Blades
  1370 | D        | Reached skill level 14 in Spellcasting
  1370 | D        | Reached XP level 9. HP: 61/61 MP: 24/29
  1382 | D        | Killed a two-headed ogre
  1492 | D        | Reached **** piety under Vehumet
  1492 | D        | Reached skill level 10 in Dodging
  1496 | D        | Offered knowledge of Lightning Bolt by Vehumet.
  1507 | D        | Learned a level 5 spell: Lightning Bolt
  1579 | D        | Reached ***** piety under Vehumet
  1579 | D        | Offered knowledge of Olgreb's Toxic Radiance by Vehumet.
  1611 | D        | Learned a level 4 spell: Olgreb's Toxic Radiance
  1870 | D        | Reached skill level 15 in Spellcasting
  1958 | D        | Noticed a queen bee
  1961 | D        | Killed a queen bee
  1961 | D        | Reached XP level 10. HP: 69/69 MP: 4/31
  1971 | D        | Offered knowledge of Iskenderun's Battlesphere by Vehumet.
  2121 | D        | Reached skill level 10 in Fire Magic
  2172 | D        | Reached ****** piety under Vehumet
  2172 | D        | Offered knowledge of Venom Bolt by Vehumet.
  2292 | D        | Reached skill level 10 in Conjurations
  2301 | D        | Reached skill level 16 in Spellcasting
  2334 | D        | Killed a four-headed hydra
  2339 | D        | Killed a five-headed hydra
  2408 | D        | Noticed a spiny frog
  2408 | D        | Noticed a spiny frog
  2412 | D        | Killed a spiny frog
  2412 | D        | Offered knowledge of Lee's Rapid Deconstruction by Vehumet.
  2412 | D        | Killed a spiny frog
  2546 | D        | Learned a level 5 spell: Lee's Rapid Deconstruction
  2551 | D        | Noticed a lindwurm
  2558 | D        | Killed a lindwurm
  2558 | D        | Reached skill level 1 in Air Magic
  2558 | D        | Reached skill level 1 in Earth Magic
  2558 | D        | Reached skill level 1 in Poison Magic
  2715 | D        | Noticed Urug
  2728 | D        | Killed Urug
  2728 | D        | Reached skill level 17 in Spellcasting
  2728 | D        | Reached XP level 11. HP: 74/74 MP: 12/34
  2824 | D        | Offered knowledge of Spellforged Servitor by Vehumet.
  3131 | D        | Noticed Rupert
  3137 | D        | Killed Rupert
  3138 | D        | Noticed a dire elephant
  3139 | D        | Noticed Gastronok
  3285 | D        | Noticed a dire elephant
  3291 | D        | Offered knowledge of Conjure Ball Lightning by Vehumet.
  3294 | D        | Killed a dire elephant
  3294 | D        | Reached skill level 18 in Spellcasting
  3294 | D        | Reached skill level 5 in Earth Magic
  3294 | D        | Reached skill level 5 in Poison Magic
  3299 | D        | Killed a dire elephant
  3640 | D        | Killed Gastronok
  3640 | D        | Reached skill level 5 in Air Magic
  3731 | D        | Reached XP level 12. HP: 68/83 MP: 24/36
  3751 | D        | Noticed an azure jelly
  3751 | D        | Noticed an azure jelly
  3751 | D        | Noticed an azure jelly
  3751 | D        | Noticed an azure jelly
  3834 | D        | Noticed a death yak
  3834 | D        | Noticed a death yak
  3835 | D        | Noticed a death yak
  3836 | D        | Noticed a death yak
  3841 | D        | Killed a death yak
  3841 | D        | Offered knowledge of Bolt of Cold by Vehumet.
  3843 | D        | Killed a death yak
  3844 | D        | Killed a death yak
  3848 | D        | Killed a death yak
  3848 | D        | Reached skill level 19 in Spellcasting
  4019 | D        | Learned a level 6 spell: Bolt of Cold
  4061 | D        | Noticed an anaconda
  4065 | D        | Killed an anaconda
  4065 | D        | Offered knowledge of Fire Storm by Vehumet.
  4065 | D        | Offered knowledge of Shatter by Vehumet.
  4065 | D        | Offered knowledge of Chain Lightning by Vehumet.
  4209 | D        | Noticed an anaconda
  4209 | D        | Noticed an anaconda
  4210 | D        | Reached skill level 1 in Ice Magic
  4211 | D        | Killed an anaconda
  4225 | D        | HP: 1/83 [anaconda (17)]
  4225 | D        | Slain by an anaconda

Vault maps used:
D:        dungeon_sprint_mu

Skill      XL: |  1  2  3  4  5  6  7  8  9 10 11 12 |
---------------+-------------------------------------+-----
Armour         | 1 2 4 5 6 7 8 9 |  9.6
Spellcasting   | 5 7 11 12 14 15 17 18 19 | 19.3
Fighting       | 1 2 4 5 6 7 8 9 |  9.5
Dodging        | 3 4 5 7 8 9 10 11 12 13 | 13.2
Conjurations   | 2 3 4 6 7 8 9 10 11 12 | 12.3
Fire Magic     | 4 5 7 8 9 10 12 | 12.4
Short Blades   | 3 5 6 7 9 |  9.8
Air Magic      | 2 5 6 |  6.4
Earth Magic    | 2 5 7 |  7.2
Poison Magic   | 2 5 7 |  7.0
Ice Magic      | 1 |  1.8
Stealth        | |  2.4

Action                   |  1- 3 |  4- 6 |  7- 9 | 10-12 || total
-------------------------+-------+-------+-------+-------++-------
Melee: Unarmed           |       |     1 |       |       ||     1
       Dagger            |       |       |     1 |     7 ||     8
 Cast: Flame Tongue      |    21 |       |    25 |     9 ||    55
       Conjure Flame     |     1 |       |    11 |     6 ||    18
       Sticky Flame      |       |     3 |    13 |    14 ||    30
       Inner Flame       |       |       |     5 |       ||     5
       Throw Flame       |       |       |     2 |     1 ||     3
       Searing Ray       |       |       |     4 |       ||     4
       Stone Arrow       |       |       |    12 |    33 ||    45
       Ignite Poison     |       |       |     5 |    11 ||    16
       Olgreb's Toxic Ra |       |       |     4 |    11 ||    15
       Lightning Bolt    |       |       |     3 |    34 ||    37
       Fireball          |       |       |       |     2 ||     2
       Bolt of Cold      |       |       |       |     5 ||     5
  Use: Scroll            |     2 |       |     1 |     1 ||     4
       Potion            |     1 |       |     3 |     1 ||     5
  Eat: Chunk             |       |       |     2 |     1 ||     3
       Royal jelly       |       |       |     2 |     5 ||     7
Armor: Robe              |     1 |     2 |     3 |     7 ||    13
Dodge: Dodged            |     5 |    19 |    50 |    37 ||   111
